 Dungeon Crawl Stone Soup version 0.24-a0-355-gbe4061de67 (webtiles) character file.

Game seed: 14457788276996912578

103445 Lanoc the Nimble (level 15, -1/247 HPs)
             Began as a Troll Berserker on May 24, 2019.
             Was the Champion of Trog.
             Slain by a tyrant leech (35 damage)
             ... on level 5 of the Lair of Beasts.
             The game lasted 00:46:19 (18567 turns).

Lanoc the Nimble (Troll Berserker)                 Turns: 18567, Time: 00:46:20

Health: -1/247     AC: 14    Str: 37    XL:     15   Next: 89%
Magic:  14/14      EV: 15    Int:  3    God:    Trog [******]
Gold:   2717       SH:  5    Dex: 10    Spells: 14/14 levels left

rFire    + . .     SeeInvis +   Q - +9 morningstar "Ypromoc" {speed, +Rage rF+ Dex-4}
rCold    . . .     Gourm    +   (no shield)
rNeg     . . .     Faith    .   O - +0 swamp dragon scales
rPois    +         Spirit   .   (helmet restricted)
rElec    .         Reflect  +   R - +2 cloak {rPois}
rCorr    .         Harm     .   (gloves unavailable)
MR       +....                  (boots unavailable)
Stlth    ..........             M - +5 amulet of reflection
HPRegen  0.91/turn              n - ring of see invisible
MPRegen  0.14/turn              k - +3 ring of strength

@: berserking (expiring), slowed
A: large, unfitting armour, claws 3, fast metabolism 3, gourmand, regeneration
1, shaggy fur 1, tough skin 3
a: Berserk, Trog's Hand, Brothers in Arms, Renounce Religion, Evoke Berserk Rage


You were on level 5 of the Lair of Beasts.
You worshipped Trog.
Trog was exalted by your worship.
You were very full.

You visited 4 branches of the dungeon, and saw 23 of its levels.
You also visited: Gauntlet.

You collected 2777 gold pieces.
You spent 60 gold pieces at shops.

Inventory:

Hand Weapons
 t - the +11 whip "Qaxtin Wica" {speed, rC+}
   (You found it on level 6 of the Dungeon)

   Attacks with this weapon are significantly faster.
   It protects you from cold.
 Q - the +9 morningstar "Ypromoc" (weapon) {speed, +Rage rF+ Dex-4}
   (Trog gifted it to you on level 2 of the Orcish Mines)

   Attacks with this weapon are significantly faster.
   It affects your dexterity (-4).
   It protects you from fire.
   It lets you go berserk.
 S - a +6 antimagic giant club
Missiles
 I - 3 atropa-tipped darts (quivered)
 J - 14 large rocks
 Z - a throwing net
Armour
 r - the +0 cloak of Plog {rC+ MP+9}
   (You acquired it on level 6 of the Dungeon)

   It protects you from cold.
   It affects your magic capacity (+9).
 O - +0 swamp dragon scales (worn)
 R - a +2 cloak of poison resistance (worn)
Jewellery
 h - an uncursed ring of positive energy
 k - a +3 ring of strength (right claw)
 n - a ring of see invisible (left claw)
 M - a +5 amulet of reflection (around neck)
 Y - an uncursed amulet of rage {unknown}
Wands
 b - a wand of iceblast (35)
 i - a wand of digging (11)
 l - a wand of random effects (30)
 s - a wand of flame (50)
 D - a wand of disintegration (26)
 G - a wand of acid (6)
 L - a wand of polymorph (15)
 P - a wand of enslavement (14)
Scrolls
 g - 6 scrolls of teleportation
 m - 2 scrolls of silence
 o - 4 scrolls of magic mapping
 p - a scroll of holy word
 q - 7 scrolls of remove curse
 v - 3 scrolls of blinking
 x - 4 scrolls of immolation
 z - 3 scrolls of fog
 V - 2 scrolls of enchant armour
Potions
 a - 3 potions of haste
 d - a potion of ambrosia
 e - 8 potions of brilliance
 f - 3 potions of flight
 j - 6 potions of curing
 u - 3 potions of mutation
 w - 4 potions of degeneration {unknown}
 A - a potion of invisibility
 B - 2 potions of lignification
 C - 2 potions of might {unknown}
 E - a potion of resistance
 F - 4 potions of agility
 K - 2 potions of heal wounds
 N - 5 potions of magic {unknown}
 T - a potion of cancellation
Miscellaneous
 W - a phial of floods
 X - a phantom mirror
Comestibles
 c - 37 rations
 y - 4 chunks of flesh


   Skills:
 + Level 14.9 Fighting
 + Level 13.0 Maces & Flails
 + Level 14.9 Dodging


You had 14 spell levels left.
You didn't know any spells.
Your spell library was empty.

Dungeon Overview and Level Annotations

Branches:
Dungeon (15/15)            Temple (1/1) D:7            Lair (5/6) D:8
 Shoals (0/4) Lair:4       Spider (0/4) Lair:2        Slime (0/5) Lair:5
    Orc (2/2) D:12            Elf (0/3) Orc:2        Vaults (0/5) D:13
 Depths (0/5) D:15

Altars:
Cheibriados
Gozag
Makhleb
Okawaru
Qazlal
Ru
Sif Muna
Vehumet
Xom
Yredelemnul
Zin
The Shining One
Beogh

Shops:
D:8 ?   Orc:2 !(%[


Innate Abilities, Weirdness & Mutations

You are too large for most types of armour.
You have claws for hands.
Your metabolism is lightning-fast.
You like to eat raw meat.
Your natural rate of healing is unusually fast.
You are covered in fur. (AC +1)
You have extremely tough skin. (AC +3)


Message History

A tyrant leech comes into view.
The tyrant leech bites you!!
* * * LOW HITPOINT WARNING * * *
The tyrant leech draws strength from your injuries!
You crush the tyrant leech like a grape!!!
The tyrant leech is severely wounded.
The tyrant leech barely misses you. The tyrant leech bites you.
* * * LOW HITPOINT WARNING * * *
The tyrant leech draws strength from your injuries!
The tyrant leech bites you!
* * * LOW HITPOINT WARNING * * *
The tyrant leech draws strength from your injuries!
You impale the tyrant leech!!
You kill the tyrant leech!
Trog accepts your kill.
Your Maces & Flails skill increases to level 13!
A tyrant leech comes into view.
The moth of wrath goads the tyrant leech on!
The tyrant leech goes berserk!
The tyrant leech bites you!!
You die...

#### #######..###
##.#PP......###
..............##### #
....#.#........#@w#.#
..#####........w†ww.#
..# #....≈≈≈≈≈yw..#
.## #..≈≈≈≈≈≈≈≈≈≈≈P#
.## #.≈≈≈#######≈w≈P#
..## #.≈≈## Pw≈≈#
#.P# ##.≈≈# w≈≈≈#
..## #..≈≈## ≈≈≈##
...####.≈≈≈### ≈≈≈≈


You could see 7 tyrant leeches, a torpor snail and a moth of wrath.

Vanquished Creatures
  Kirke (Lair:5)
  Frances (D:12)
  A stone giant (Orc:1)
  A dire elephant (D:15)
  A minotaur (Gauntlet)
  3 ettins
  A fire dragon (Lair:4)
  Josephine (D:14)
  5 hydras
  5 centaur warriors
  19 two-headed ogres
  3 ogre magi
  Erica (D:9)
  An orc high priest (Orc:1)
  6 death yaks
  Nergalle (Lair:1)
  A wizard (D:13)
  2 deep trolls (Orc:2)
  An orange crystal statue (Lair:1)
  An unseen horror (D:13)
  An obsidian statue (D:10)
  5 orc knights
  11 ugly things
  4 cyclopes
  2 wolf spiders (D:15)
  3 orc sorcerers
  3 deep elf magi
  4 oklob plants (Lair:3)
  3 manticores
  A salamander (D:15)
  A centaur zombie (D:12)
  A merfolk siren (Lair:4)
  A black mamba (Lair:3)
  An eye of devastation (Gauntlet)
  Psyche (D:12)
  A spiny frog (shapeshifter) (D:15)
  4 spiny frogs
  3 rime drakes (Lair:4)
  9 komodo dragons
  A freezing wraith (D:15)
  2 efreet (D:14)
  3 jumping spiders (Lair:2)
  3 meliai (D:13)
  3 merfolk (Lair:4)
  5 tyrant leeches (Lair:5)
  2 hornets
  17 trolls
  11 slime creatures
  7 hippogriffs
  9 blink frogs (Lair:4)
  A snapping turtle (D:12)
  A shadow (D:15)
  A centaur simulacrum (Gauntlet)
  3 redbacks (Lair:2)
  7 spriggans (Lair:2)
  34 yaks
  2 vampires
  2 fire bats (Lair:5)
  7 wraiths
  A golden eye (Gauntlet)
  A hog (Lair:5)
  2 basilisks
  3 large abominations (Gauntlet)
  2 fire elementals (Lair:5)
  4 wyverns
  A hungry ghost (D:14)
  2 wargs
  8 steam dragons
  A soldier ant (D:11)
  A swamp worm (Lair:5)
  11 water moccasins
  A floating eye (Gauntlet)
  8 porcupines
  5 ice beasts
  3 sky beasts
  2 black bears
  4 phantoms
  22 orc warriors
  29 ogres
  An eye of draining (D:13)
  A necrophage (D:9)
  3 wolves (Lair:4)
  16 centaurs
  3 crocodiles
  2 big kobolds
  A gnoll sergeant (Orc:1)
  15 bullfrogs
  A wyvern zombie (D:12)
  A hornet simulacrum (Gauntlet)
  7 scorpions
  4 small abominations (Gauntlet)
  13 killer bees
  6 howler monkeys
  5 lava snakes
  2 crimson imps
  A bullfrog zombie (D:13)
  8 jellies
  7 hounds
  13 orc priests
  3 centaur skeletons
  2 bullfrog skeletons
  29 orc wizards
  12 worker ants
  A hell rat (D:8)
  2 bullfrog simulacra (Gauntlet)
  A hound zombie (D:5)
  2 hound skeletons
  A worker ant zombie (D:10)
  13 adders
  A river rat (D:8)
  2 shadow imps
  3 oozes
  An adder skeleton (D:5)
  A worm (D:2)
  2 dart slugs (D:4)
  A leopard gecko (D:3)
  82 orcs
  3 giant cockroaches
  5 goblins
  A hobgoblin (D:2)
  6 iguanas
  12 jackals
  8 kobolds
  3 quokkas
  3 bats
  5 frilled lizards
  A quokka zombie (D:6)
  4 rats
667 creatures vanquished.

Vanquished Creatures (collateral kills)
  Saint Roka (Orc:2)
  A two-headed ogre (Orc:1)
  2 orc high priests (Orc:1)
  An orc warrior (Orc:1)
  2 orc wizards (Orc:1)
  3 orcs
10 creatures vanquished.

Vanquished Creatures (others)
  3 fungi
  6 plants
  5 withered plants (Gauntlet)
14 creatures vanquished.

Grand Total: 691 creatures vanquished

Notes
Turn   | Place    | Note
-------+----------+-------------------------------------------
     0 | D:1      | Lanoc the Troll Berserker began the quest for the Orb.
     0 | D:1      | Reached XP level 1. HP: 22/22 MP: 0/0
   112 | D:2      | Reached XP level 2. HP: 29/29 MP: 1/1
   312 | D:2      | Reached XP level 3. HP: 27/36 MP: 2/2
   637 | D:3      | Found a glowing silver altar of Zin.
   770 | D:3      | Reached ** piety under Trog
   871 | D:3      | Lost intelligence.
  1351 | D:4      | Noticed a centaur
  1359 | D:4      | Killed a centaur
  1359 | D:4      | Reached XP level 4. HP: 14/45 MP: 3/3
  1364 | D:4      | Reached XP level 5. HP: 5/53 MP: 4/4
  1364 | D:4      | HP: 3/79 [orc/+0 hand axe (3)]
  1445 | D:4      | Noticed an ogre
  1453 | D:4      | Killed an ogre
  1550 | D:4      | Reached XP level 6. HP: 61/61 MP: 5/5
  1604 | D:4      | Reached skill level 5 in Maces & Flails
  1658 | D:4      | Found Ewufui's Weapon Shoppe.
  1706 | D:4      | Found a snail-covered altar of Cheibriados.
  1825 | D:4      | Found a shimmering altar of Xom.
  2131 | D:5      | Entered Level 5 of the Dungeon
  2143 | D:5      | Found a stormy altar of Qazlal.
  2295 | D:5      | Found an iron altar of Okawaru.
  2382 | D:5      | Found a radiant altar of Vehumet.
  2698 | D:5      | Noticed an ice beast
  2706 | D:5      | Killed an ice beast
  2706 | D:5      | Reached XP level 7. HP: 70/70 MP: 6/6
  2857 | D:6      | Identified a scroll of acquirement
  2858 | D:6      | Got a distressingly furry cloak
  2866 | D:6      | Identified the +0 cloak of Plog {rC+ MP+9} (You acquired it
                  | on level 6 of the Dungeon)
  2960 | D:6      | Found a glowing golden altar of the Shining One.
  2960 | D:6      | Found a faded altar of an unknown god.
  2965 | D:6      | Found a deep blue altar of Sif Muna.
  2969 | D:6      | Found a burning altar of Makhleb.
  2970 | D:6      | Found a basalt altar of Yredelemnul.
  3095 | D:6      | Found a radiant altar of Vehumet.
  3121 | D:6      | Got a shimmering whip
  3122 | D:6      | Identified the +11 whip "Qaxtin Wica" {speed, rC+} (You
                  | found it on level 6 of the Dungeon)
  3290 | D:6      | Reached XP level 8. HP: 77/79 MP: 7/7
  3354 | D:6      | Found a sacrificial altar of Ru.
  3508 | D:7      | Reached *** piety under Trog
  3619 | D:7      | Found a staircase to the Ecumenical Temple.
  3626 | D:7      | Reached skill level 5 in Fighting
  3635 | Temple   | Entered the Ecumenical Temple
  3665 | D:7      | Reached skill level 5 in Dodging
  3805 | D:7      | Reached XP level 9. HP: 53/88 MP: 8/8
  3910 | D:7      | Found an opulent altar of Gozag.
  4212 | D:8      | Noticed a death yak
  4212 | D:8      | Noticed a two-headed ogre
  4216 | D:8      | Killed a two-headed ogre
  4217 | D:8      | Noticed a death yak
  4222 | D:8      | Noticed a death yak
  4226 | D:8      | Killed a death yak
  4241 | D:8      | Killed a death yak
  4241 | D:8      | Reached XP level 10. HP: 76/100 MP: 9/9
  4258 | D:8      | Killed a death yak
  4258 | D:8      | Reached skill level 10 in Maces & Flails
  4275 | D:8      | Got a faintly humming robe
  4286 | D:8      | Identified the +1 robe "Heuphahi" {Str+3} (You found it on
                  | level 8 of the Dungeon)
  4341 | D:8      | Reached **** piety under Trog
  4363 | D:8      | Found a staircase to the Lair.
  4508 | D:8      | Found Cefer's Magic Scroll Shop.
  4511 | D:8      | Bought a scroll of fog for 24 gold pieces
  4511 | D:8      | Bought a scroll of teleportation for 36 gold pieces
  5154 | D:9      | Noticed Erica
  5178 | D:9      | Killed Erica
  5714 | D:10     | Entered Level 10 of the Dungeon
  5714 | D:10     | Noticed an obsidian statue
  5717 | D:10     | Noticed an orange demon
  5727 | D:10     | Noticed a rust devil
  5728 | D:10     | Killed an obsidian statue
  5892 | D:10     | Reached XP level 11. HP: 109/109 MP: 10/10
  6243 | D:11     | Reached ***** piety under Trog
  6705 | D:11     | Noticed a two-headed ogre
  6712 | D:11     | Killed a two-headed ogre
  6978 | D:12     | Noticed a two-headed ogre
  6988 | D:12     | Killed a two-headed ogre
  7037 | D:12     | Noticed a two-headed ogre
  7045 | D:12     | Killed a two-headed ogre
  7164 | D:12     | Noticed Psyche
  7207 | D:12     | Killed Psyche
  7285 | D:12     | Noticed a deep elf mage
  7287 | D:12     | Noticed Frances
  7295 | D:12     | Killed a deep elf mage
  7310 | D:12     | Killed Frances
  7310 | D:12     | Received a gift from Trog
  7310 | D:12     | Reached XP level 12. HP: 68/123 MP: 11/11
  7436 | D:12     | Noticed Nessos
  7438 | D:12     | Noticed Nessos
  7438 | D:12     | Nessos changed into Nessos the snapping turtle
  7554 | D:12     | Killed Nessos the snapping turtle
  7714 | D:12     | Found a staircase to the Orcish Mines.
  7824 | D:12     | Reached skill level 10 in Fighting
  7824 | D:12     | Reached skill level 10 in Dodging
  8286 | D:13     | Got a fine whip
  8287 | D:13     | Identified the +4 whip "Arbiter" {pain, rF- Int+6} (You
                  | found it on level 13 of the Dungeon)
  8439 | D:13     | Noticed a six-headed hydra
  8448 | D:13     | Killed a six-headed hydra
  8524 | D:13     | Noticed a two-headed ogre
  8536 | D:13     | Killed a two-headed ogre
  8868 | D:13     | Noticed a two-headed ogre
  8875 | D:13     | Killed a two-headed ogre
  8913 | D:13     | Found a gate to the Vaults.
  8988 | D:13     | Noticed a centaur warrior
  8996 | D:13     | Killed a centaur warrior
  8996 | D:13     | Received a gift from Trog
  9070 | D:14     | Noticed a six-headed hydra
  9086 | D:14     | Killed a six-headed hydra
  9205 | D:14     | Noticed Josephine
  9214 | D:14     | Reached XP level 13. HP: 137/137 MP: 12/12
  9225 | D:14     | Killed Josephine
 10093 | D:15     | Entered Level 15 of the Dungeon
 10243 | D:15     | Found a gate leading to a gauntlet.
 10279 | Gauntlet | Entered a Gauntlet
 10279 | Gauntlet | Found a transporter.
 10289 | Gauntlet | Found a transporter.
 10304 | Gauntlet | Found a transporter.
 10309 | Gauntlet | Found a transporter.
 10326 | Gauntlet | Found a transporter.
 10344 | Gauntlet | Found a transporter.
 10356 | Gauntlet | Found a transporter.
 10368 | Gauntlet | Found a transporter.
 10380 | Gauntlet | Found a transporter.
 10386 | Gauntlet | Found a transporter.
 10386 | Gauntlet | Found a transporter.
 10401 | Gauntlet | Found a transporter.
 10407 | Gauntlet | Found a transporter.
 10446 | Gauntlet | Found a transporter.
 10471 | Gauntlet | Found a transporter.
 10473 | Gauntlet | Found a transporter.
 10493 | Gauntlet | Found a transporter.
 10573 | Gauntlet | Found a transporter.
 10721 | Gauntlet | Paralysed by a floating eye for 3 turns
 10727 | Gauntlet | Paralysed by a floating eye for 3 turns
 10736 | Gauntlet | Paralysed by a floating eye for 3 turns
 10754 | Gauntlet | Paralysed by a floating eye for 4 turns
 10770 | Gauntlet | Paralysed by a floating eye for 3 turns
 10783 | Gauntlet | Paralysed by a floating eye for 3 turns
 10796 | Gauntlet | Paralysed by a floating eye for 4 turns
 10807 | Gauntlet | Paralysed by a floating eye for 3 turns
 10920 | Gauntlet | Got a wavering emerald amulet
 10924 | Gauntlet | Identified the amulet "Potefiad" {Reflect +Blink SH+3} (You
                  | found it in a Gauntlet)
 10979 | Gauntlet | Identified the +7 arbalest of the Lair of Beasts {elec,
                  | Dex+6}
 10979 | Gauntlet | Noticed a minotaur
 10997 | Gauntlet | Killed a minotaur
 11004 | Gauntlet | Identified the Handbook of Glacial Transmigration
 11314 | D:15     | Received a gift from Trog
 11336 | D:15     | Reached XP level 14. HP: 91/150 MP: 13/13
 11417 | D:15     | Found a staircase to the Depths.
 11850 | Orc:1    | Entered Level 1 of the Orcish Mines
 11931 | Orc:1    | Found a roughly hewn altar of Beogh.
 12091 | Orc:1    | Found a roughly hewn altar of Beogh.
 12091 | Orc:1    | Found a transporter.
 12235 | Orc:1    | Found a transporter.
 12290 | Orc:1    | Noticed a stone giant
 12709 | Orc:1    | Killed a stone giant
 12897 | Orc:2    | Entered Level 2 of the Orcish Mines
 13164 | Orc:2    | Noticed Saint Roka
 13171 | Orc:2    | Reached ****** piety under Trog
 13551 | Orc:2    | Killed Saint Roka
 13618 | Orc:2    | Found a staircase to the Elven Halls.
 14069 | Orc:2    | Reached XP level 15. HP: 123/163 MP: 14/14
 14099 | Orc:2    | Found Suigo's Antique Weapon Shop.
 14102 | Orc:2    | Found Bilija's Armour Boutique.
 14107 | Orc:2    | Received a gift from Trog
 14120 | Orc:2    | Found Cuheg's Food Shop.
 14120 | Orc:2    | Found Ysileb's Distillery.
 14269 | Orc:2    | Got a brightly glowing morningstar {god gift}
 14441 | Orc:2    | Identified the +9 morningstar "Ypromoc" {speed, +Rage rF+
                  | Dex-4} (Trog gifted it to you on level 2 of the Orcish
                  | Mines)
 14533 | Lair:1   | Entered Level 1 of the Lair of Beasts
 14564 | Lair:1   | Noticed Nergalle
 14576 | Lair:1   | Killed Nergalle
 15762 | Lair:2   | Found a hole to the Spider Nest.
 17112 | Lair:4   | Received a gift from Trog
 17505 | Lair:4   | Found a staircase to the Shoals.
 18369 | Lair:5   | Noticed Kirke
 18384 | Lair:5   | Killed Kirke
 18402 | Lair:5   | Found a staircase to the Slime Pits.
 18567 | Lair:5   | Slain by a tyrant leech

Levels and vault maps discovered:
D:1:      evilmike_arrival_crescent, layout_basic, serial_glass,
          glass_columns_c, glass_columns_b, glass_columns_a, glass_columns_b,
          minmay_pentomino_z2
D:2:      layout_loops_ring, marbit_many_paths, minmay_3d_cube
D:3:      layout_basic, nicolae_overflow_crystal_walls, first_ration,
          chequers_serial_rivers_micro_d
D:4:      minmay_chambers_of_threes, layout_cave_pools, kennysheep_little_box,
          serial_shops, nicolae_shop_stone, dk_xom_monty_hall
D:5:      layout_loops_cross, lemuel_doored_altar, okawaru_trees_2,
          nicolae_qazlal_general_emergency
D:6:      layout_basic, chequers_temple_overflow_minitemple,
          nicolae_ru_the_path_less_chosen, vehumet_altar_wand_db
D:7:      layout_rooms, nicolae_gozag_seed_capital,
          minmay_temple_entry_junction_2
D:8:      layout_basic, dpeg_lair_monsters, serial_shops,
          nicolae_shop_behind_doors
D:9:      layout_roguey, blue_anna_alchemist [blue_anna_fruit_fields,
          blue_anna_fruit_fields], uniq_erica
D:10:     layout_rooms, minivault_16
D:11:     layout_basic
D:12:     layout_cave_pods, orc_0_dummy, chequers_serial_rivers_room_a,
          uniq_nessos, uniq_psyche, uniq_frances
D:13:     layout_basic, david_vaults_1, ebering_dispersal_statue_hall
D:14:     layout_roguey, serial_rivers, chequers_serial_rivers_small_a,
          chequers_serial_rivers_marsh, chequers_serial_rivers_small_3,
          chequers_serial_rivers_small_b, chequers_serial_rivers_room_b,
          chequers_serial_rivers_micro_c, uniq_josephine
D:15:     hangedman_depths_entry_try_elsewhere_first, layout_basic,
          gauntlet_entry_generic, due_unseen_surprise
Temple:   cyrus_temple_forest
Lair:1:   layout_cave_pods, disabler_island, grunt_megastairs_5, uniq_nergalle
Lair:2:   kb_forest_paths, layout_gridlike, nicolae_spider_entry_tight_spaces,
          lemuel_fruit_tree
Lair:3:   layout_roguey, minmay_lair_oklob_chamber
Lair:4:   layout_long_grid, elwin_shoals_entry_stream, bobbens_dragon_lair_wall,
          grunt_megastairs_1
Lair:5:   layout_gridlike, nicolae_slime_entry_slimehenge,
          grunt_forest_stairs_basic, worms_lemuel, uniq_kirke
Orc:1:    gammafunk_beogh_shrine, layout_diamond_mine, basic_altar,
          sword_in_stone
Orc:2:    st_orc_open, layout_diamond_mine, nicolae_orc_stony_grotto,
          statue_in_the_mist_lemuel, abandoned_shop, uniq_saint_roka

Skill      XL: |  1  2  3  4  5  6  7  8  9 10 11 12 13 14 15 |
---------------+----------------------------------------------+-----
Maces & Flails | 3 4 5 6 8 9 11 12 13 | 13.0
Fighting       | 3 4 5 6 7 9 11 12 14 | 14.9
Dodging        | 3 4 5 6 7 9 11 12 14 | 14.9

Action                   |  1- 3 |  4- 6 |  7- 9 | 10-12 | 13-15 || total
-------------------------+-------+-------+-------+-------+-------++-------
Melee: Mace              |   101 |    95 |       |       |       ||   196
       Morningstar       |       |     6 |    33 |       |   469 ||   508
       Whip              |       |       |   180 |   674 |  1155 ||  2009
Throw: Dart              |       |       |       |       |     2 ||     2
Invok: Berserk           |     3 |     5 |     4 |    18 |    24 ||    54
       Brothers in Arms  |       |       |       |       |     3 ||     3
       Trog's Hand       |       |       |       |       |     3 ||     3
Evoke: Wand              |       |       |       |     2 |     5 ||     7
  Use: Scroll            |     3 |     6 |     6 |     5 |    13 ||    33
       Potion            |       |     1 |       |       |     6 ||     7
 Stab: Sleeping          |     1 |       |       |       |       ||     1
       Invisible         |       |       |       |       |     4 ||     4
       Distracted        |       |       |       |       |     2 ||     2
  Eat: Chunk             |    16 |    11 |    23 |    53 |   116 ||   219
       Ration            |       |     1 |     1 |       |       ||     2
Armor: Animal skin       |    49 |    28 |    39 |     1 |       ||   117
       Robe              |       |       |       |    55 |       ||    55
       Swamp dragon scal |       |       |       |    28 |   281 ||   309
Dodge: Dodged            |    79 |    58 |    71 |   213 |   682 ||  1103
Block: Other             |       |       |       |       |    93 ||    93

Table legend:
 A = Non-vault XP
 B = Vault XP
 C = Vault XP percentage of total XP
 D = Non-vault monster count
 E = Vault monster count
 F = Vault count percentage of total count
                 A         B        C        D         E       F
            +---------+---------+-------+---------+---------+-------
      Total |   81199 |   66580 |  45.1 |     482 |     194 |  28.7
            +---------+---------+-------+---------+---------+-------
        D:1 |       4 |       0 |   0.0 |       3 |       0 |   0.0
        D:2 |      27 |      19 |  41.3 |      14 |       5 |  26.3
        D:3 |      35 |       0 |   0.0 |      15 |       0 |   0.0
        D:4 |     176 |     365 |  67.5 |       7 |      10 |  58.8
        D:5 |     226 |       0 |   0.0 |       5 |       0 |   0.0
        D:6 |     575 |       2 |   0.3 |      19 |       1 |   5.0
        D:7 |    1385 |       0 |   0.0 |      36 |       0 |   0.0
        D:8 |    2067 |    2603 |  55.7 |      27 |       5 |  15.6
        D:9 |    1279 |     986 |  43.5 |      21 |       2 |   8.7
       D:10 |     911 |     655 |  41.8 |      11 |       1 |   8.3
       D:11 |    4224 |       0 |   0.0 |      35 |       0 |   0.0
       D:12 |    9759 |    2863 |  22.7 |      40 |       3 |   7.0
       D:13 |    5565 |    2159 |  28.0 |      17 |       4 |  19.0
       D:14 |   15009 |    1933 |  11.4 |      41 |       5 |  10.9
       D:15 |    9496 |    2615 |  21.6 |      32 |       4 |  11.1
     Lair:1 |    4872 |    1947 |  28.6 |      22 |       8 |  26.7
     Lair:2 |     771 |    5509 |  87.7 |       5 |      23 |  82.1
     Lair:3 |    2030 |    2435 |  54.5 |       9 |       5 |  35.7
     Lair:4 |    4954 |    6124 |  55.3 |      23 |      18 |  43.9
     Lair:5 |    5522 |    4169 |  43.0 |      17 |      14 |  45.2
      Orc:1 |    7119 |    7176 |  50.2 |      50 |      23 |  31.5
      Orc:2 |    5193 |   21517 |  80.6 |      33 |      48 |  59.3
   Gauntlet |       0 |    3503 | 100.0 |       0 |      15 | 100.0
            +---------+---------+-------+---------+---------+-------
